 Dungeon Crawl Stone Soup version 0.30-b1-2-g02819fbbbe (webtiles) character file.

Game seed: 10649970651208699363

40 nightchill the Trooper (level 3, -6/24 HPs)
             Began as a Gargoyle Fighter on Jan 5, 2024.
             Was a Follower of Nemelex Xobeh.
             Mangled by a +7 rapier "Zeroaq" {spect, rPois MP-9 Int+4} (7 damage)
             ... created by a hobgoblin
             ... on level 2 of the Dungeon.
             The game lasted 00:02:08 (856 turns).

nightchill the Trooper (Gargoyle Fighter)            Turns: 856, Time: 00:02:08

Health: -6/24      AC: 10    Str: 21    XL:     3   Next: 50%
Magic:  3/3        EV:  9    Int:  8    God:    Nemelex Xobeh [*.....]
Gold:   82         SH:  4    Dex:  9    Spells: 2/2 levels left

rFire   . . .        j - +0 dagger (venom)
rCold   . . .        c - +0 buckler
rNeg    + . .        b - +0 scale mail
rPois   ∞            (no helmet)
rElec   +            (no cloak)
rCorr   .            (no gloves)
SInv    .            (no boots)
Will    .....        (no amulet) Stlth
                     (no ring)
HPRegen 0.24/turn    (no ring)
MPRegen 0.08/turn

%: no passive effects
@: hasted, very quick
A: sickness immunity, AC +3, negative energy resistance 1, electricity
resistance, torment resistance 1, petrification resistance
a: Renounce Religion, Draw Escape, Draw Destruction, Draw Summoning


You were on level 2 of the Dungeon.
You worshipped Nemelex Xobeh.
Nemelex Xobeh was aware of your devotion.
You visited 1 branch of the dungeon, and saw 2 of its levels.

You collected 82 gold pieces.

Inventory:

Hand Weapons
 a - a +0 flail
 j - a +0 dagger of venom (weapon)
Armour
 b - a +0 scale mail (worn)
 c - a +0 buckler (worn)
Scrolls
 g - 2 scrolls of fog {unknown}
 h - 2 scrolls of noise {unknown}
 i - 2 scrolls of identify {unknown}
 k - a scroll of teleportation {unknown}
 l - a scroll of magic mapping {unknown}
Potions
 d - a potion of might
 e - a potion of haste
 f - a potion of cancellation {unknown}
 m - a potion of brilliance {unknown}


   Skills:
 + Level 3.8 Fighting
 * Level 3.3 Maces & Flails
 - Level 3.3 Armour
 - Level 3.3 Shields
 + Level 0.0 Invocations


You had 2 spell levels left.
You didn't know any spells.
Your spell library contained the following spells:

 Spells                   Type           Power      Damage    Failure   Level
 Volatile Blastmotes      Fire/Tloc      0%         2d10      99%         3
 Anguish                  Hex/Necr       0%         N/A       100%        4
 Fulminant Prism          Conj/Hex       0%         3d5       100%        4
 Iskenderun's Mystic Bla  Conj/Tloc      0%         2d3       100%        4
 Lee's Rapid Deconstruct  Erth           0%         3d4*      100%        5
 Enfeeble                 Hex            0%         N/A       100%        7


Dungeon Overview and Level Annotations

Branches:
Dungeon (2/15)

Altars:
Nemelex Xobeh


Innate Abilities, Weirdness & Mutations

You are immune to sickness and miasma.
Your stone body is resilient. (AC +3)
You are immune to poison.
You resist negative energy. (rN+)
You are resistant to electric shocks. (rElec)
You are resistant to unholy torment.
You are immune to petrification.


Message History

You barely miss the goblin. The goblin hits you but does no damage.
You hit the goblin but do no damage. You block the goblin's attack.
You barely miss the goblin. The goblin completely misses you.
You hit the goblin but do no damage.
The goblin is poisoned.
The goblin hits you with a +0 dagger of draining.
You hit the goblin but do no damage.
The goblin looks even sicker.
The goblin is heavily wounded.
The goblin hits you but does no damage.
You hit the goblin but do no damage.
The goblin looks as sick as possible!
The goblin is severely wounded.
You kill the goblin!
Found a stone staircase leading down.
You see here a +0 dagger of draining.
m - a white potion Search for what [Enter for "."]? .
You see here a +0 dagger of draining.
You see here a +0 ring mail.
There is a faded altar of an unknown god here.
This altar belongs to (a) Vehumet, (b) the Shining One or (c) Nemelex Xobeh, but you can't tell which.
Press the corresponding letter to learn more about a god, or press enter to convert or escape to cancel.
Nemelex Xobeh accepts your prayer! Nemelex Xobeh welcomes you!
You can now draw from decks of power.
Nemelex will now gift you decks of power as you gain piety.
Nemelex Xobeh deals you some cards!
You now have 2 escape cards, 8 destruction cards and 2 summoning cards.
Unknown command.
Press < or > to pray at altars.
A hobgoblin comes into view.
It is wielding the +7 rapier "Zeroaq" {spect, rPois MP-9 Int+4}.
A hobgoblin is nearby!
The hobgoblin hits you with the +7 rapier "Zeroaq" {spect, rPois MP-9 Int+4}.
The +7 rapier "Zeroaq" {spect, rPois MP-9 Int+4} hits you!
Ouch! That really hurt!
* * * LOW HITPOINT WARNING * * *
A +7 rapier "Zeroaq" {spect, rPois MP-9 Int+4} comes into view.
It was a potion of haste.
You feel yourself speed up.
The hobgoblin hits you with the +7 rapier "Zeroaq" {spect, rPois MP-9 Int+4}.
* * * LOW HITPOINT WARNING * * *
The +7 rapier "Zeroaq" {spect, rPois MP-9 Int+4} hits you!
You die...
Your body disappears without a glow.

#..........
#.......... ######
#.......... .....#
#.......... .....#
#.......... .....#
#........# .....#
#######........#
.....#
#........@g....#
.....#
#.........(....#
.....#
#........)#########
.....#
##.....###.........
##...####.###.#
#.<.......
..............#
#.........
..........#####
#.[.......
........###
#.........
#.....###
+.........


You could see a +7 rapier "Zeroaq" {spect, rPois MP-9 Int+4} (wandering) and a
hobgoblin.

Vanquished Creatures
  An adder (D:2)
  A dart slug (D:1)
  3 ball pythons
  An endoplasm (D:1)
  7 goblins
  2 hobgoblins
  3 jackals (D:1)
  2 quokkas
  A bat (D:2)
  A frilled lizard (D:1)
  3 rats
25 creatures vanquished.

Notes
Turn   | Place    | Note
-------+----------+-------------------------------------------
     0 | D:1      | nightchill the Gargoyle Fighter began the quest for the
                  | Orb.
     0 | D:1      | Reached XP level 1. HP: 14/14 MP: 1/1
    14 | D:1      | Reached XP level 2. HP: 18/19 MP: 2/2
   670 | D:2      | Reached XP level 3. HP: 22/24 MP: 3/3
   732 | D:2      | Found a faded altar of an unknown god.
   833 | D:2      | Prayed at the altar of an unknown god.
   833 | D:2      | Became a worshipper of Nemelex Xobeh the Trickster
   833 | D:2      | Reached * piety under Nemelex Xobeh
   833 | D:2      | Received a gift from Nemelex Xobeh
   852 | D:2      | Identified the +7 rapier "Zeroaq" {spect, rPois MP-9 Int+4}
   856 | D:2      | HP: 1/24 [hobgoblin/the +7 rapier "Zeroaq" {spect, rPois
                  | MP-9 Int+4} (3)]
   856 | D:2      | Mangled by a +7 rapier "Zeroaq" {spect, rPois MP-9 Int+4}

Illustrated notes

Levels and vault maps discovered:
D:1:      wander_arrival_fairy_ring, layout_loops_ring
D:2:      layout_basic, hellmonk_ecumenical_altar_zigzags,
          minmay_misc_feat_secret_circle

Skill      XL: |  1  2 |
---------------+-------+-----
Maces & Flails | 3 |  3.3
Fighting       | |  3.8
Armour         | |  3.3
Shields        | |  3.3

Action                     || total
---------------------------++-------
  Melee: Flail             ||    32
         Dagger            ||    62
    Use: Potion            ||     1
 Armour: Scale mail        ||    50
  Dodge: Dodged            ||    32
  Block: Buckler           ||    18
